AoeStats
← Hallo22062

Arabia

509893733Analyzed
1v1 RM · 2d ago on Sep 28, 2026· 45m 57s· 2 players
Game mode
Random Map
Map size
Tiny (2 player)
Population
200
Speed
Normal
Resources
Standard
Victory
Conquest
Starting age
Dark Age
Ending age
Imperial Age
RankedLock teamsTeams togetherTeam positionsShared explorationLock speedFull tech treeHidden civsTurbo modeCheats
Victory
Defeat
🇵🇪 Tatars · Peru
1582
+13
🇩🇪 Varangians · Germany
1507
-13
Hallo22062
6:32 Loom
9:06 Feudal Age
9:37 Double-Bit Axe
10:52 Horse Collar
19:16 Castle Age
18:49 Bloodlines
18:52 Scale Barding Armor
20:38 Bow Saw
21:46 Heavy Plow
28:47 Wheelbarrow
31:46 Imperial Age
29:33 Forging
31:11 Chain Barding Armor
31:05 Scale Mail Armor
31:30 Squires
31:18 Gambesons
32:31 Iron Casting
31:59 Arson
32:42 Hand Cart
32:12 Town Watch
33:08 Conscription
33:52 Plate Barding Armor
33:34 Chain Mail Armor
33:24 Elite Varangian Guard
36:12 Blast Furnace
36:44 Capped Ram
38:22 Plate Mail Armor
38:30 Vendel Legacy
40:02 Fletching
40:40 Elite Skirmisher
42:35 Chemistry
41:59 Ballistics
43:02 Bodkin Arrow
44:26 Padded Archer Armor
44:47 Bracer
46:37 Leather Archer Armor
------
6:17 Loom
8:46 Feudal Age
9:30 Double-Bit Axe
9:54 Horse Collar
19:48 Castle Age
18:42 Bloodlines
18:53 Gold Mining
19:26 Scale Barding Armor
19:52 Forging
25:30 Husbandry
25:27 Town Watch
26:17 Wheelbarrow
27:50 Chain Barding Armor
29:15 Hand Cart
31:03 Iron Casting
32:04 Bow Saw
34:41 Imperial Age
33:17 Fletching
34:21 Ballistics
33:57 Bodkin Arrow
34:21 Padded Archer Armor
35:40 Gold Shaft Mining
34:56 Stone Mining
35:29 Heavy Camel Rider
35:35 Elite Skirmisher
35:35 Heavy Cavalry Archer
35:44 Heavy Cavalry Archer
37:50 Bracer
38:27 Leather Archer Armor
38:12 Light Cavalry
40:28 Chemistry
39:18 Hussar
39:45 Man-at-Arms
41:20 Ring Archer Armor
41:03 Scale Mail Armor
41:40 Long Swordsman
43:39 Plate Barding Armor
Connection lost

Rejoining the realm…

Still unreachable

The connection could not be restored.

Session expired

The server has moved on; the page needs a fresh start.